 Dungeon Crawl Stone Soup version 0.22-a0-433-gd2a9cce (webtiles) character file.

17441 Kairos the Severer (level 12, -3/110 HPs)
             Began as a Hill Orc Monk on May 28, 2018.
             Was a High Priest of Okawaru.
             Slain by an eight-headed hydra (10 damage)
             ... on level 1 of the Lair of Beasts.
             The game lasted 00:28:38 (16399 turns).

Kairos the Severer (Hill Orc Monk)                 Turns: 16399, Time: 00:28:39

Health: -3/110     AC: 13    Str: 21    XL:     12   Next: 48%
Magic:  15/15      EV: 13    Int: 10    God:    Okawaru [*****.]
Gold:   623        SH:  0    Dex: 13    Spells: 12/15 levels left

rFire    + . .     SeeInvis .   C - +3 morningstar
rCold    . . .     Gourm    .   (no shield)
rNeg     . . .     Faith    .   i - +2 scale mail {rPois}
rPois    +         Spirit   .   p - +1 hat
rElec    .         Reflect  .   (no cloak)
rCorr    .         Harm     .   (no gloves)
MR       .....                  e - +0 pair of boots
Stlth    +.........             j - amulet of rage
HPRegen  0.28/turn              d - ring of protection from fire
MPRegen  0.14/turn              b - +2 ring of strength

@: no status effects
A: no striking features
a: Heroism, Finesse, Renounce Religion, Evoke Berserk Rage


You were on level 1 of the Lair of Beasts.
You worshipped Okawaru.
Okawaru was extremely pleased with you.
You were not hungry.

You visited 2 branches of the dungeon, and saw 11 of its levels.
You also visited: Ossuary.

You collected 623 gold pieces.

Inventory:

Hand Weapons
 a - a +0 hand axe
 B - a +3 battleaxe
 C - a +3 morningstar (weapon)
 F - a +2 whip of flaming
 P - a +3 vampiric battleaxe
 R - the +3 hand axe of Prudence {freeze, rC++ Int+2 Stlth-}
   (You took it off a wight on level 9 of the Dungeon)

   It has been specially enchanted to freeze those struck by it, causing extra
   injury to most foes and up to half again as much damage against particularly
   susceptible opponents.
   It can also slow down cold-blooded creatures.
   It affects your intelligence (+2).
   It greatly protects you from cold.
   It makes you less stealthy.
Armour
 e - a +0 pair of boots (worn)
 i - a +2 scale mail of poison resistance (worn)
 p - a +1 hat (worn)
 V - a +1 shield of protection
Jewellery
 b - a +2 ring of strength (right hand)
 d - a ring of protection from fire (left hand)
 j - an amulet of rage (around neck)
 l - an uncursed amulet of magic regeneration
 s - an uncursed amulet of harm
 I - an uncursed ring of fire
 W - an uncursed ring of magical power {unknown}
Wands
 v - a wand of paralysis (23)
 y - a wand of scattershot (11)
 E - a wand of disintegration (15)
 L - a wand of flame (17)
 O - a wand of iceblast (14)
Scrolls
 f - a scroll of blinking
 g - 2 scrolls of fog
 h - 10 scrolls of remove curse
 k - 4 scrolls of amnesia
 m - 4 scrolls of enchant armour
 o - a scroll of immolation
 u - a scroll of fear
 w - 7 scrolls of teleportation
 J - a scroll of magic mapping
 M - a scroll of brand weapon
 Q - a scroll of holy word {unknown}
 T - a scroll of silence {unknown}
 U - 3 scrolls of enchant weapon
Potions
 n - 5 potions of curing
 q - 3 potions of heal wounds
 r - 3 potions of agility
 t - 4 potions of haste
 x - 2 potions of cancellation
 z - 2 potions of flight
 A - 2 potions of invisibility {unknown}
 D - 2 potions of brilliance {unknown}
 G - 3 potions of mutation {unknown}
 H - 2 potions of magic {unknown}
 K - 3 potions of degeneration {unknown}
 N - a potion of lignification
 S - a potion of ambrosia {unknown}
Comestibles
 c - 14 rations


   Skills:
 + Level 11.1 Fighting
 + Level 16.8 Axes
 + Level 9.6 Armour
 + Level 5.5 Dodging
 + Level 3.0 Stealth
 + Level 0.1 Shields
 * Level 2.1 Spellcasting
 * Level 2.4 Necromancy
 + Level 2.5 Invocations
 + Level 1.0 Evocations


You had 12 spell levels left.
You knew the following spells:

 Your Spells              Type           Power        Failure   Level  Hunger
a - Regeneration          Chrm/Necr      #.........   78%         3    ####...

Your spell library contained the following spells:

 Spells                   Type           Power        Failure   Level  Hunger
 Animate Dead             Necr           N/A          95%         4    #####..
 Pain                     Necr           #...         26%         1    ##.....
 Animate Skeleton         Necr           N/A          26%         1    ##.....
 Vampiric Draining        Necr           #.........   61%         3    ####...


Dungeon Overview and Level Annotations

Branches:
Dungeon (10/15)            Temple (0/1) D:7            Lair (1/6) D:10
    Orc: D:9-12

Altars:
Cheibriados
Elyvilon
Makhleb
Nemelex Xobeh
Okawaru
Vehumet

Shops:
D:5 :   D:6 :}[=

Annotations:
D:8 exclusion: ice statue


Message History

The eight-headed hydra bites you. The eight-headed hydra bites you!
You continue putting on your +1 shield of protection.
The eight-headed hydra bites you! x2
The eight-headed hydra closely misses you.
The eight-headed hydra bites you!
The eight-headed hydra barely misses you.
The eight-headed hydra bites you. The eight-headed hydra bites you!
* * * LOW HITPOINT WARNING * * *
The eight-headed hydra barely misses you.
You continue putting on your +1 shield of protection.
The eight-headed hydra misses you.
The eight-headed hydra closely misses you.
The eight-headed hydra bites you!
* * * LOW HITPOINT WARNING * * *
The eight-headed hydra bites you!
* * * LOW HITPOINT WARNING * * *
The eight-headed hydra bites you!
* * * LOW HITPOINT WARNING * * *
The eight-headed hydra bites you!
You die...

P.....$......
............##.
#..............
##..............
#...............
##..............)
###................
#.#........@D....#
##...........#####
##...........##
##.........####
###........###
#........###
##......###
#......## #.....##


You could see an eight-headed hydra.

Vanquished Creatures
  Gastronok (D:10)
  Erica (D:8)
  3 two-headed ogres
  The ghost of Paulus the Martial Artist, a novice OpTm of Cheibriados (D:9)
  The ghost of Kairos the Cleaver, a novice HOFi (D:6)
  The ghost of TheNamelessOne the Zephyrmancer, a novice TeAE of Cheibriados (D:8)
  The ghost of TheNamelessOne the Insei, a novice OpTm of Cheibriados (D:7)
  Pikel (D:7)
  A spiny frog (Lair:1)
  10 blink frogs (Lair:1)
  4 hippogriffs
  11 yaks (Lair:1)
  2 water moccasins
  A hornet zombie (D:10)
  2 orc warriors
  2 porcupines (Lair:1)
  A sky beast (D:8)
  A slave (D:7)
  3 phantoms
  An eye of draining (D:9)
  An ice beast (D:8)
  A necrophage (D:9)
  3 ogres
  3 centaurs
  2 crocodiles (Lair:1)
  A big kobold (D:7)
  6 bullfrogs
  A water moccasin zombie (D:8)
  A scorpion (D:9)
  15 wights
  12 killer bees
  8 crimson imps
  2 bullfrog zombies (Ossuary)
  5 centaur zombies
  4 hounds
  A quasit (D:7)
  6 orc priests
  2 bullfrog skeletons
  3 jellies (D:5)
  9 orc wizards
  A centaur skeleton (D:6)
  10 iguanas
  8 worker ants
  A killer bee zombie (Ossuary)
  2 hound zombies
  13 mummies (Ossuary)
  A hound skeleton (D:8)
  2 howler monkey zombies (Ossuary)
  2 worker ant zombies
  15 adders
  9 gnolls
  A shadow imp (D:10)
  3 oozes
  2 adder zombies (Ossuary)
  2 worms (D:3)
  3 dart slugs (D:1)
  7 leopard geckos
  31 orcs
  2 bats
  11 giant cockroaches
  3 goblins
  11 hobgoblins
  6 jackals
  2 quokkas
  4 ball pythons
  3 frilled lizards
  A jackal zombie (Ossuary)
  13 kobolds
  2 quokka skeletons (D:5)
  2 quokka zombies (Ossuary)
  10 rats
318 creatures vanquished.

Vanquished Creatures (others)
  An orc (D:7)
  A withered plant (Ossuary)
2 creatures vanquished.

Grand Total: 320 creatures vanquished

Notes
Turn   | Place    | Note
-------+----------+-------------------------------------------
     0 | D:1      | Kairos the Hill Orc Monk began the quest for the Orb.
     0 | D:1      | Reached XP level 1. HP: 19/19 MP: 1/1
   233 | D:1      | Reached XP level 2. HP: 27/27 MP: 2/2
   621 | D:1      | Reached XP level 3. HP: 28/33 MP: 3/3
   953 | D:2      | Reached skill level 5 in Axes
   955 | D:2      | Reached XP level 4. HP: 31/40 MP: 4/4
  1135 | D:2      | Found a snail-covered altar of Cheibriados.
  1345 | D:3      | Noticed an orc warrior
  1399 | D:3      | Reached skill level 6 in Axes
  1399 | D:3      | Reached XP level 5. HP: 37/47 MP: 5/5
  1444 | D:3      | Killed an orc warrior
  1444 | D:3      | Reached skill level 1 in Armour
  1444 | D:3      | Reached XP level 6. HP: 25/53 MP: 6/6
  1444 | D:3      | Reached skill level 7 in Axes
  3098 | D:4      | Noticed a phantom
  3152 | D:4      | Killed a phantom
  3152 | D:4      | Reached skill level 8 in Axes
  3152 | D:4      | Reached XP level 7. HP: 38/60 MP: 7/7
  3283 | D:4      | Found an iron altar of Okawaru.
  3342 | D:4      | Became a worshipper of Warmaster Okawaru
  3342 | D:4      | Reached * piety under Okawaru
  3342 | D:4      | Reached ** piety under Okawaru
  3379 | D:5      | Entered Level 5 of the Dungeon
  3418 | D:5      | Reached skill level 5 in Fighting
  3632 | D:5      | Found Tyturokh's Book Shoppe.
  3802 | D:5      | Reached skill level 9 in Axes
  3845 | D:5      | Reached XP level 8. HP: 15/69 MP: 8/8
  4459 | D:5      | Found a sparkling altar of Nemelex Xobeh.
  5077 | D:6      | Reached skill level 10 in Axes
  5410 | D:6      | Reached *** piety under Okawaru
  5453 | D:6      | Found Xaublas's Armour Emporium.
  5832 | D:6      | Noticed Kairos's ghost (novice HOFi)
  5909 | D:6      | Found Weizopp's Jewellery Shop.
  5922 | D:6      | Found Vuxam's Gadget Emporium.
  5935 | D:6      | Found Xysmah's Book Boutique.
  5947 | D:6      | Reached skill level 5 in Armour
  6861 | D:5      | Reached XP level 9. HP: 62/78 MP: 7/9
  7619 | D:6      | Killed Kairos's ghost
  7619 | D:6      | Reached skill level 11 in Axes
  7619 | D:6      | Reached skill level 1 in Invocations
  8085 | D:6      | Found a burning altar of Makhleb.
  8086 | D:6      | Found a radiant altar of Vehumet.
  8230 | D:7      | Noticed TheNamelessOne's ghost (novice OpTm)
  8244 | D:7      | Killed TheNamelessOne's ghost
  8244 | D:7      | Reached skill level 12 in Axes
  8845 | D:7      | Reached XP level 10. HP: 65/86 MP: 11/11
  8900 | D:7      | Noticed Pikel
  8959 | D:7      | Killed Pikel
  8959 | D:7      | Reached **** piety under Okawaru
  9410 | D:7      | Reached skill level 13 in Axes
  9544 | D:7      | Found a staircase to the Ecumenical Temple.
  9590 | D:7      | Learned a level 3 spell: Regeneration
  9697 | D:8      | Found a sand-covered staircase.
  9698 | D:8      | Noticed TheNamelessOne's ghost (novice TeAE)
  9711 | D:8      | Killed TheNamelessOne's ghost
  9975 | Ossuary  | Entered an ossuary
 10371 | D:8      | Noticed an ice statue
 10432 | D:8      | Noticed a two-headed ogre
 10442 | D:8      | Killed a two-headed ogre
 10442 | D:8      | Received a gift from Okawaru
 10442 | D:8      | Reached skill level 14 in Axes
 11284 | D:8      | Reached ***** piety under Okawaru
 12143 | D:9      | Noticed Paulus's ghost (novice OpTm)
 12150 | D:9      | Noticed Erica
 12156 | D:9      | Killed Paulus's ghost
 12156 | D:9      | Reached XP level 11. HP: 78/95 MP: 10/12
 12170 | D:8      | Killed Erica
 12170 | D:8      | Reached skill level 15 in Axes
 12170 | D:8      | Reached skill level 5 in Dodging
 12973 | D:9      | Noticed a two-headed ogre
 12989 | D:9      | Found a white marble altar of Elyvilon.
 12997 | D:9      | Killed a two-headed ogre
 13323 | D:9      | Got a transparent hand axe {freeze}
 13324 | D:9      | Identified the cursed +3 hand axe of Prudence {freeze, rC++ Int+2 Stlth-} (You took it off a wight on level 9 of the Dungeon)
 14118 | D:10     | Entered Level 10 of the Dungeon
 14164 | D:10     | Noticed Gastronok
 14185 | D:10     | Killed Gastronok
 14185 | D:10     | Received a gift from Okawaru
 14185 | D:10     | Reached skill level 1 in Evocations
 14540 | D:10     | Reached skill level 10 in Fighting
 14578 | D:10     | Found a staircase to the Lair.
 14607 | D:10     | Noticed a two-headed ogre
 14622 | D:10     | Killed a two-headed ogre
 14622 | D:10     | Reached skill level 16 in Axes
 15328 | Lair:1   | Entered Level 1 of the Lair of Beasts
 15345 | Lair:1   | Reached XP level 12. HP: 105/106 MP: 13/13
 15371 | Lair:1   | Reached skill level 1 in Necromancy
 15379 | Lair:1   | Reached skill level 1 in Spellcasting
 15702 | Lair:1   | Reached ****** piety under Okawaru
 15778 | Lair:1   | Received a gift from Okawaru
 16392 | Lair:1   | Noticed an eight-headed hydra
 16399 | Lair:1   | Slain by an eight-headed hydra

Vault maps used:
D:1:      dpeg_arrival_arbitrary_b
D:2:      cheibriados_altar_1, minmay_shallow_snake_nest
D:3:      first_ration
D:4:      minmay_wonky_spiral, marbit_many_paths, minivault_27
D:5:      old_standard_altar, serial_shops, nicolae_shop_stone
D:6:      grunt_temple_overflow_lords_of_destruction, serial_shops, shop, shop,
          shop, shop
D:7:      minmay_temple_entry_poolview, uniq_pikel
D:8:      lemuel_ice_statue, enter_ossuary_1
D:9:      nicolae_overflow_crystal_walls, uniq_erica
D:10:     lair_entry_dummy, uniq_gastronok
Lair:1:   grunt_megastairs_1
Ossuary:  ossuary_zaba_flooded

Skill      XL: |  1  2  3  4  5  6  7  8  9 10 11 12 |
---------------+-------------------------------------+-----
Fighting       | 4 5 6 7 8 10 11 | 11.1
Axes           | 5 6 8 9 10 12 14 16 | 16.8
Dodging        | 3 4 5 |  5.5
Armour         | 1 2 3 5 7 8 9 |  9.6
Stealth        | 2 3 |  3.0
Invocations    | 1 2 |  2.5
Evocations     | 1 |  1.0
Necromancy     | 2 |  2.4
Spellcasting   | 2 |  2.1
Shields        | |  0.1

Action                   |  1- 3 |  4- 6 |  7- 9 | 10-12 || total
-------------------------+-------+-------+-------+-------++-------
Melee: Hand axe          |   129 |   258 |   310 |    61 ||   758
       Battleaxe         |       |       |   112 |   520 ||   632
       Punch             |       |       |       |     1 ||     1
Invok: Heroism           |       |       |     9 |    12 ||    21
 Abil: Evoke Berserk Rag |       |       |       |     2 ||     2
  Use: Potion            |       |     3 |       |     2 ||     5
       Scroll            |       |       |       |    22 ||    22
 Stab: Sleeping          |     1 |       |       |       ||     1
  Eat: Chunk             |       |     5 |     6 |    16 ||    27
       Ration            |       |     1 |     3 |     6 ||    10
Armor: Robe              |     9 |       |       |       ||     9
       Scale mail        |    43 |    81 |   159 |   236 ||   519
       Skin              |       |    12 |       |       ||    12
Dodge: Dodged            |    91 |   111 |   210 |   341 ||   753
Block: Shield            |       |       |       |    12 ||    12

Table legend:
 A = Spawn XP
 B = Non-spawn XP
 C = Spawn XP percentage of total XP
 D = Spawn monster count
 E = Non-spawn monster count
 F = Spawn count percentage of total count
 G = Total turns spent on level
                    A         B        C        D         E        F      G
               +---------+---------+-------+---------+---------+-------+---------
         Total |       0 |   24917 |   0.0 |       0 |     317 |   0.0 | 16399
               +---------+---------+-------+---------+---------+-------+---------
           D:1 |       0 |      61 |   0.0 |       0 |      29 |   0.0 |   864
           D:2 |       0 |      78 |   0.0 |       0 |      17 |   0.0 |   517
           D:3 |       0 |     414 |   0.0 |       0 |      38 |   0.0 |  1081
           D:4 |       0 |     227 |   0.0 |       0 |       8 |   0.0 |   917
           D:5 |       0 |     985 |   0.0 |       0 |      24 |   0.0 |  3535
           D:6 |       0 |    1922 |   0.0 |       0 |      26 |   0.0 |  1633
           D:7 |       0 |    2422 |   0.0 |       0 |      29 |   0.0 |  1070
           D:8 |       0 |    3362 |   0.0 |       0 |      24 |   0.0 |  2393
           D:9 |       0 |    3537 |   0.0 |       0 |      39 |   0.0 |  1815
          D:10 |       0 |    4528 |   0.0 |       0 |      23 |   0.0 |  1210
        Lair:1 |       0 |    6700 |   0.0 |       0 |      32 |   0.0 |  1071
       Ossuary |       0 |     681 |   0.0 |       0 |      28 |   0.0 |   293
               +---------+---------+-------+---------+---------+-------+---------
